MLB
NEW YORK METS @ MIAMI MARLINS
07/01/2018
 
TOP OF THE 1ST
New York Mets batting - Pitching for Miami Marlins : RHP Drew Hutchison
Pitching: RHP Drew Hutchison
Batting: SHB Ian Happ 0-0: Foul Ball, location: 2F
0-1: Called Strike
0-2: Ball
1-2: Ball
2-2: Strikes out swinging, 2-3 out at first.
Batting: RHB Starlin Castro 0-0: Ball
1-0: Ball
2-0: Ball
3-0: Base on Balls
Batting: LHB Gerardo Parra 0-0: Called Strike
Starlin Castro is caught stealing 2nd base 2-6
0-1: Ball
1-1: Fly out, F6 (Popup, 4MS)
Top of the 1st over - 0 runs, 0 hits, 0 errors, 0 left on base; New York 0 - Miami 0
BOTTOM OF THE 1ST
Miami Marlins batting - Pitching for New York Mets : LHP Eduardo Rodriguez
Pitching: LHP Eduardo Rodriguez
Batting: RHB Ian Desmond 0-0: Ball
1-0: DOUBLE (Line Drive, 78M)
Batting: RHB Rob Refsnyder 0-0: Called Strike
0-1: Ball
1-1: Foul Ball, location: 2F
1-2: Foul Ball, location: 2F
1-2: SINGLE (Groundball, 6MD)
Ian Desmond to third
Batting: SHB Francisco Lindor 0-0: Ball
1-0: Ball
2-0: Called Strike
2-1: Foul Ball, location: 2F
2-2: Grounds into double play, 4-6-3 (Groundball, 4S)
Ian Desmond scores
Batting: RHB Yasmany Tomas 0-0: Foul Ball, location: 2F
0-1: Ball
1-1: Fly out, F7 (Flyball, 78S)
Bottom of the 1st over - 1 run, 2 hits, 0 errors, 0 left on base; New York 0 - Miami 1
TOP OF THE 2ND
New York Mets batting - Pitching for Miami Marlins : RHP Drew Hutchison
Batting: LHB Scott Schebler 0-0: Called Strike
0-1: Ball
1-1: Ball
2-1: Swinging Strike
2-2: Strikes out swinging
Batting: LHB Mitch Moreland 0-0: Swinging Strike
0-1: Swinging Strike
0-2: Strikes out swinging
Batting: LHB Travis Shaw 0-0: Ball
1-0: Swinging Strike
1-1: Foul Ball, location: 2F
1-2: Foul Ball, location: 2F
1-2: Fly out, F9 (Line Drive, 9)
Top of the 2nd over - 0 runs, 0 hits, 0 errors, 0 left on base; New York 0 - Miami 1
BOTTOM OF THE 2ND
Miami Marlins batting - Pitching for New York Mets : LHP Eduardo Rodriguez
Batting: RHB Danny Valencia 0-0: Called Strike
0-1: Ball
1-1: Ground out 6-3 (Groundball, 6)
Batting: RHB David Wright 0-0: Ground out 6-3 (Groundball, 6)
Batting: LHB Alex Gordon 0-0: Ball
1-0: Ball
2-0: Ball
3-0: Called Strike
3-1: Foul Ball, location: 2F
3-2: Base on Balls
Batting: RHB Martin Maldonado 0-0: Ball
1-0: Fly out, F6 (Flyball, 5D)
Bottom of the 2nd over - 0 runs, 0 hits, 0 errors, 1 left on base; New York 0 - Miami 1
TOP OF THE 3RD
New York Mets batting - Pitching for Miami Marlins : RHP Drew Hutchison
Batting: RHB Salvador Perez 0-0: Ball
1-0: Swinging Strike
1-1: SINGLE (Flyball, 78S)
Batting: RHB Nick Ahmed 0-0: Foul Ball, location: 2F
0-1: Fly out, F6 (Popup, 4MS)
Batting: LHB Eduardo Rodriguez 0-0: Sac Bunt to 13 - play at first, batter OUT! 1-4
Salvador Perez to second
Batting: SHB Ian Happ 0-0: Ball
1-0: SINGLE (Line Drive, 8RS)
Salvador Perez to third
Runner from 3rd tries for Home, SAFE, no throw by CF
Batting: RHB Starlin Castro 0-0: Fly out, F4 (Popup, 4M)
Top of the 3rd over - 1 run, 2 hits, 0 errors, 1 left on base; New York 1 - Miami 1
BOTTOM OF THE 3RD
Miami Marlins batting - Pitching for New York Mets : LHP Eduardo Rodriguez
Batting: LHB Drew Hutchison 0-0: Swinging Strike
0-1: Ball
1-1: Foul Ball, location: 2F
1-2: Ball
2-2: Fly out, F9 (Flyball, 89XD)
Batting: RHB Ian Desmond 0-0: Ball
1-0: SINGLE (Groundball, 6D)
Batting: RHB Rob Refsnyder 0-0: Called Strike
0-1: Ball
1-1: Called Strike
1-2: Ball
2-2: Strikes out looking
Batting: SHB Francisco Lindor 0-0: Fly out, F9 (Flyball, 9)
Bottom of the 3rd over - 0 runs, 1 hit, 0 errors, 1 left on base; New York 1 - Miami 1
TOP OF THE 4TH
New York Mets batting - Pitching for Miami Marlins : RHP Drew Hutchison
Batting: LHB Gerardo Parra 0-0: Called Strike
0-1: Ball
1-1: Fly out, F7 (Flyball, 7D)
Batting: LHB Scott Schebler 0-0: Ball
1-0: Called Strike
1-1: Swinging Strike
1-2: Ball
2-2: Ball
3-2: Ground out 4-3 (Groundball, 4)
Batting: LHB Mitch Moreland 0-0: Called Strike
0-1: Ball
1-1: Foul Ball, location: 2F
1-2: Ball
2-2: Ball
3-2: Foul Ball, location: 2F
3-2: Strikes out swinging
Top of the 4th over - 0 runs, 0 hits, 0 errors, 0 left on base; New York 1 - Miami 1
BOTTOM OF THE 4TH
Miami Marlins batting - Pitching for New York Mets : LHP Eduardo Rodriguez
Batting: RHB Yasmany Tomas 0-0: Ball
1-0: Foul Ball, location: 2F
1-1: Swinging Strike
1-2: Ball
2-2: Ball
3-2: Strikes out swinging
Batting: RHB Danny Valencia 0-0: Ball
1-0: Ball
2-0: Ball
3-0: Called Strike
3-1: Fly out, F7 (Flyball, 7S)
Batting: RHB David Wright 0-0: Ball
1-0: Called Strike
1-1: Called Strike
1-2: DOUBLE (Line Drive, 89D)
Batting: LHB Alex Gordon 0-0: Swinging Strike
0-1: SINGLE (Groundball, 34S) (infield hit)
David Wright to third
Batting: RHB Martin Maldonado 0-0: Called Strike
0-1: Foul Ball, location: 2F
0-2: Fly out, F9 (Flyball, 9)
Bottom of the 4th over - 0 runs, 2 hits, 0 errors, 2 left on base; New York 1 - Miami 1
TOP OF THE 5TH
New York Mets batting - Pitching for Miami Marlins : RHP Drew Hutchison
Batting: LHB Travis Shaw 0-0: Ball
1-0: Foul Ball, location: 2F
1-1: Fly out, F8 (Flyball, 8RD)
Batting: RHB Salvador Perez 0-0: Ball
1-0: Foul Ball, location: 2F
1-1: Ball
2-1: Swinging Strike
2-2: Foul Ball, location: 2F
2-2: Foul Ball, location: 2F
2-2: Strikes out swinging
Batting: RHB Nick Ahmed 0-0: Ball
1-0: Ball
2-0: Ball
3-0: Base on Balls
Batting: LHB Eduardo Rodriguez 0-0: Called Strike
0-1: Ball
1-1: Called Strike
1-2: Strikes out swinging
Top of the 5th over - 0 runs, 0 hits, 0 errors, 1 left on base; New York 1 - Miami 1
BOTTOM OF THE 5TH
Miami Marlins batting - Pitching for New York Mets : LHP Eduardo Rodriguez
Batting: LHB Drew Hutchison 0-0: Foul Ball, location: 2F
0-1: Ball
1-1: Ball
2-1: Fly out, F8 (Flyball, 8RD)
Batting: RHB Ian Desmond 0-0: Ground out 6-3 (Groundball, 6)
Batting: RHB Rob Refsnyder 0-0: Ball
1-0: Ball
2-0: Ball
3-0: Base on Balls
Batting: SHB Francisco Lindor 0-0: Ball
1-0: Called Strike
1-1: Fly out, F8 (Flyball, 8LD)
Bottom of the 5th over - 0 runs, 0 hits, 0 errors, 1 left on base; New York 1 - Miami 1
TOP OF THE 6TH
New York Mets batting - Pitching for Miami Marlins : RHP Drew Hutchison
Batting: SHB Ian Happ 0-0: Ball
1-0: Foul Ball, location: 2F
1-1: Foul Ball, location: 2F
1-2: Foul Ball, location: 2F
1-2: Strikes out swinging
Batting: RHB Starlin Castro 0-0: Ball
1-0: Foul Ball, location: 2F
1-1: Ground out 5-3 (Groundball, 56)
Batting: LHB Gerardo Parra 0-0: DOUBLE (Groundball, 3L)
Batting: LHB Scott Schebler 0-0: Swinging Strike
0-1: Ball
1-1: Called Strike
1-2: Ball
2-2: Strikes out swinging
Top of the 6th over - 0 runs, 1 hit, 0 errors, 1 left on base; New York 1 - Miami 1
BOTTOM OF THE 6TH
Miami Marlins batting - Pitching for New York Mets : LHP Eduardo Rodriguez
Batting: RHB Yasmany Tomas 0-0: Ground out 6-3 (Groundball, 6)
Batting: RHB Danny Valencia 0-0: Ball
1-0: Swinging Strike
1-1: Swinging Strike
1-2: Ball
2-2: Ball
3-2: Strikes out swinging
Batting: RHB David Wright 0-0: Ground out 5-3 (Groundball, 56S)
Bottom of the 6th over - 0 runs, 0 hits, 0 errors, 0 left on base; New York 1 - Miami 1
TOP OF THE 7TH
New York Mets batting - Pitching for Miami Marlins : RHP Drew Hutchison
Batting: LHB Mitch Moreland 0-0: Ball
1-0: Called Strike
1-1: Swinging Strike
1-2: Strikes out swinging
Batting: LHB Travis Shaw 0-0: Ball
1-0: Ball
2-0: Ball
3-0: Base on Balls
Batting: RHB Salvador Perez 0-0: SINGLE (Groundball, 56D)
Travis Shaw to second
Pitching: LHP Robbie Ross Jr.
Batting: RHB Nick Ahmed 0-0: Called Strike
0-1: Ball
1-1: Foul Ball, location: 2F
1-2: Foul Ball, location: 2F
1-2: SINGLE (Groundball, 4D)
Travis Shaw to third
Salvador Perez to second
Runner from 3rd tries for Home, throw by RF and OUT! 9-2
Batting: LHB Eduardo Rodriguez 0-0: Called Strike
0-1: Foul Ball, location: 2F
0-2: Ball
1-2: Ball
2-2: Ball
3-2: Strikes out swinging
Top of the 7th over - 0 runs, 2 hits, 0 errors, 2 left on base; New York 1 - Miami 1
BOTTOM OF THE 7TH
Miami Marlins batting - Pitching for New York Mets : LHP Eduardo Rodriguez
Batting: LHB Alex Gordon 0-0: Called Strike
0-1: Ball
1-1: Swinging Strike
1-2: Ball
2-2: Ball
3-2: DOUBLE (Line Drive, 9LS)
Batting: RHB Martin Maldonado 0-0: Called Strike
0-1: Swinging Strike
0-2: Ball
1-2: Strikes out looking
Pinch Hitting: RHB Cheslor Cuthbert 0-0: Ball
1-0: Ball
2-0: Ball
3-0: Called Strike
3-1: Fly out, F9 (Flyball, 9S)
Pitching: RHP Zach McAllister
Batting: RHB Ian Desmond 0-0: Called Strike
0-1: Ball
1-1: Called Strike
1-2: Foul Ball, location: 2F
1-2: TRIPLE (Flyball, 89XD)
Alex Gordon scores
Pinch Runner at 3rd Charlie Culberson:
Batting: RHB Rob Refsnyder 0-0: Ball
1-0: Ball
2-0: Ball
3-0: Called Strike
3-1: Ground out 4-3 (Groundball, 4)
Bottom of the 7th over - 1 run, 2 hits, 0 errors, 1 left on base; New York 1 - Miami 2
TOP OF THE 8TH
New York Mets batting - Pitching for Miami Marlins : LHP Robbie Ross Jr.
Pitching: RHP George Kontos
Now in CF: Charlie Culberson
Batting: SHB Ian Happ 0-0: Ball
1-0: Swinging Strike
1-1: SINGLE (Groundball, 4MD)
Batting: RHB Starlin Castro 0-0: Called Strike
0-1: Fly out, F7 (Flyball, 7D)
Batting: LHB Gerardo Parra 0-0: SINGLE (Groundball, 4MD)
Ian Happ to second
Runner from 2nd tries for 3rd, SAFE, throw by CF made to third
Batting: LHB Scott Schebler 0-0: Swinging Strike
0-1: Called Strike
0-2: Ball
1-2: Strikes out swinging
Batting: LHB Mitch Moreland 0-0: Ball
1-0: Ball
2-0: Fly out, F9 (Flyball, 9)
Top of the 8th over - 0 runs, 2 hits, 0 errors, 2 left on base; New York 1 - Miami 2
BOTTOM OF THE 8TH
Miami Marlins batting - Pitching for New York Mets : RHP Zach McAllister
Batting: SHB Francisco Lindor 0-0: Swinging Strike
0-1: Ball
1-1: Foul Ball, location: 2F
1-2: DOUBLE (Line Drive, 7LM)
Batting: RHB Yasmany Tomas 0-0: Intentional Walk
Batting: RHB Danny Valencia 0-0: Ball
1-0: Ball
2-0: Called Strike
2-1: Swinging Strike
2-2: Foul Ball, location: 2F
2-2: Fly out, F9 (Flyball, 9LM)
Batting: RHB David Wright 0-0: Called Strike
Francisco Lindor steals 3rd base
0-1: SINGLE (Line Drive, 4MD)
Francisco Lindor scores
Yasmany Tomas to second
Pitching: RHP James Hoyt
Batting: LHB Alex Gordon 0-0: Called Strike
0-1: Ball
1-1: Fly out, F9 (Flyball, 9)
Batting: RHB Martin Maldonado 0-0: Ball
1-0: Called Strike
1-1: Called Strike
1-2: Ball
2-2: SINGLE (Line Drive, 34D)
Yasmany Tomas to third
David Wright to second
Runner from 3rd tries for Home, SAFE, throw by RF to home
Pinch Hitting: RHB C.J. Cron 0-0: Foul Ball, location: 2F
0-1: Called Strike
0-2: Fly out, F8 (Flyball, 8LD)
Bottom of the 8th over - 2 runs, 3 hits, 0 errors, 2 left on base; New York 1 - Miami 4
TOP OF THE 9TH
New York Mets batting - Pitching for Miami Marlins : RHP George Kontos
Pitching: LHP Boone Logan
Batting: LHB Travis Shaw 0-0: Ball
1-0: Ball
2-0: Called Strike
2-1: Ball
3-1: Swinging Strike
3-2: Base on Balls
Batting: RHB Salvador Perez 0-0: 2-RUN HOME RUN (Flyball, 7LD), Distance : 344 ft
Batting: RHB Nick Ahmed 0-0: Ball
1-0: Ball
2-0: Called Strike
2-1: Foul Ball, location: 2F
2-2: Strikes out swinging
Pinch Hitting: RHB Christian Vazquez 0-0: Called Strike
0-1: Ball
1-1: SINGLE (Line Drive, 8LS)
Batting: SHB Ian Happ 0-0: Swinging Strike
0-1: Foul Ball, location: 2F
0-2: Foul Ball, location: 2F
0-2: Ball
1-2: Ball
2-2: Ball
3-2: Foul Ball, location: 2F
3-2: Base on Balls
Christian Vazquez to second
Batting: RHB Starlin Castro 0-0: Ball
1-0: Grounds into double play, 4-6-3 (Groundball, 4)
Top of the 9th over - 2 runs, 2 hits, 0 errors, 1 left on base; New York 3 - Miami 4
Friday, September 7th, 2018 - OOTP Baseball 19.8 Build 79